Map: Coda LE (Void)

Players

Size - Winner!

  • Race: Protoss Protoss
  • League: Grandmaster

IlIIlIlIlIIl

  • Race: Terran Terran
  • League: Grandmaster

VOD

Have the link to the VOD?

Description

Time

  • Played on: June 12, 2015, 5:52 a.m.
  • Length: 8:02
Show
View Real Time Build Order
Export as new Build Order

Size Protoss - Winner!

Build Orders:  

Get SALT Encoding   

  12  0:01  Probe  
  13  0:21  Pylon  
  13  0:22  Probe  
  14  0:39  Probe (Chrono Boost)  
  15  0:44  Gateway  
  15  0:51  Probe (Chrono Boost)  
  15  0:55  Pylon  
  16  1:00  Assimilator  
  16  1:02  Probe (Chrono Boost)  
  17  1:12  Probe  
  18  1:24  Probe (Chrono Boost)  
  20  1:34  Probe (Chrono Boost)  
  20  1:35  Zealot  
  22  1:42  Probe  
  23  1:53  Cybernetics Core  
  23  2:00  Assimilator  
  23  2:12  Nexus  
  23  2:15  Probe (Chrono Boost)  
  24  2:25  Probe (Chrono Boost)  
  25  2:30  Warp Gate (Chrono Boost)  
  25  2:31  Sentry  
  25  2:32  Probe  
  29  2:44  Probe, Pylon  
  29  3:02  Stalker, Mothership Core (Chrono Boost)  
  33  3:09  Assimilator  
  34  3:20  Probe (Chrono Boost)  
  34  3:21  Pylon  
  34  3:28  Probe  
  34  3:31  Gateway  
  35  3:34  Gateway  
  35  3:40  Probe  
  36  3:42  Sentry  
  38  3:52  Probe  
  39  3:56  Gateway  
  39  4:25  Robotics Facility  
  39  4:28  Pylon x2  
  39  4:36  Stalker x2  
  39  4:37  Sentry  
  45  4:41  Probe x2 (Chrono Boost)  
  47  4:47  Pylon  
  47  4:51  Probe x2 (Chrono Boost)  
  49  4:58  Probe x2  
  51  5:08  Pylon  
  51  5:10  Probe x2  
  53  5:17  Observer  
  54  5:25  Gateway  
  54  5:27  Gateway  
  54  5:31  Gateway  
  54  5:36  Sentry x3  
  54  5:37  Sentry  
  54  5:38  Immortal  
  55  6:22  Stalker  
  55  6:23  Stalker x3  
  63  6:42  Warp Prism  
  65  6:57  Probe (Chrono Boost)  
  65  6:58  Probe (Chrono Boost)  
  69  7:08  Probe (Chrono Boost)  
  69  7:09  Probe (Chrono Boost)  
  69  7:12  Stalker x3  
  69  7:13  Stalker x2, Pylon  
  69  7:14  Probe x2 (Chrono Boost)  
  69  7:15  Sentry  
  83  7:26  Probe  
Show
View Real Time Build Order
Export as new Build Order

IlIIlIlIlIIl Terran 

Build Orders: Reaper Expand 

Get SALT Encoding   

  12  0:01  SCV  
  13  0:14  SCV  
  14  0:22  Supply Depot  
  14  0:30  SCV  
  15  0:44  SCV  
  15  0:47  Barracks  
  16  0:52  Refinery  
  16  0:56  SCV  
  17  1:09  SCV  
  18  1:26  SCV  
  19  1:35  Command Center  
  19  1:44  Orbital Command  
  19  1:49  Reaper  
  20  2:16  Factory  
  20  2:17  SCV  
  20  2:21  Refinery  
  21  2:26  Barracks Tech Lab  
  21  2:33  SCV  
  21  2:36  Supply Depot  
  22  2:45  SCV  
  23  2:58  Marauder  
  25  2:59  Stimpack  
  25  3:00  SCV  
  26  3:07  Widow Mine  
  26  3:10  Orbital Command  
  28  3:15  SCV  
  29  3:24  Marauder  
  31  3:30  Starport, Engineering Bay  
  31  3:31  Engineering Bay  
  31  3:33  SCV  
  32  3:36  SCV  
  32  3:40  Widow Mine  
  36  3:48  SCV  
  36  3:49  SCV  
  37  3:56  Marine  
  38  4:03  SCV x2  
  38  4:07  Refinery  
  38  4:08  Refinery  
  40  4:13  Terran Infantry Weapons Level 1, Terran Infantry Armor Level 1  
  40  4:15  SCV x2  
  41  4:25  Medivac  
  41  4:29  SCV x2  
  45  4:37  Barracks  
  45  4:38  Barracks  
  45  4:41  SCV  
  46  4:49  SCV  
  46  4:51  Supply Depot  
  46  4:52  Supply Depot x2  
  47  5:01  Marine  
  48  5:09  SCV x2  
  48  5:13  Factory Reactor  
  50  5:15  Starport Reactor  
  50  5:21  SCV x2  
  50  5:26  Marauder  
  54  5:35  SCV x2  
  56  5:40  Barracks Reactor  
  56  5:41  Barracks Reactor  
  56  6:05  Command Center, SCV x2  
  56  6:09  Missile Turret  
  54  6:20  Missile Turret  
  54  6:22  SCV  
  54  6:23  SCV  
  54  6:29  Marine x3  
  54  6:30  Armory, Marine  
  54  6:31  Marine  
  55  6:33  Widow Mine, Medivac x2  
  55  6:34  Widow Mine  
  55  6:37  SCV x2  
  65  6:41  Missile Turret  
  65  6:49  Marauder  
  67  6:55  Supply Depot x2  
  67  6:57  Supply Depot  
  67  6:58  Supply Depot x2  
  67  6:59  Supply Depot  
  67  7:00  Refinery  
  67  7:03  Marine x4  
  67  7:05  Refinery  
  67  7:06  Medivac x2  
  75  7:09  SCV x2  
  77  7:33  Barracks  
  77  7:35  Barracks  
Tags
 
Add a new tag
Caveats
  • Supply blocks, unpowered buildings, or Contaminate may cause inaccurate times.
  • Supply counts are checked every 10 seconds.